[Event "2nd Hersonissos Open 2018"]
[Site "Hersonissos"]
[Date "2018.06.18"]
[Round "2"]
[White "Warnk, Torsten"]
[Black "Hommeles, Theo"]
[Result "0-1"]
[ECO "A40"]
[WhiteElo "1853"]
[BlackElo "2361"]
[Annotator "NA RC"]
[PlyCount "112"]
[EventDate "2018.06.16"]
[EventType "swiss"]
[EventCountry "GRE"]
[SourceTitle "playchess.com"]
[Source "ChessBase"]
[SourceQuality "1"]
[TimeControl "5400+30"]

1. d4 g6 2. Nf3 Bg7 3. Bf4 c5 4. c3 Nf6 5. e3 O-O {[%emt 0:00:51] LiveBook: 19 Games} 6. Be2 b6 7. O-O Bb7 {[%emt 0:00:14] A48: 1 d4 Nf6 2 Nf3 g6: Torre, London and Colle Systems} 8. Na3 (8. h3 d6 9. Bh2 Nbd7 10. a4 Qc7 11. Nbd2 a6 12. Qb3 Bc6 13. c4 e6 14. Rfd1 Rfd8 15. Rac1 Rab8 16. Nb1 Ne4 17. d5 exd5 18. cxd5 Bb7 19. Nfd2 Nxd2 20. Rxd2 {0-1 (55) Bruzon Batista,L (2698)-Radjabov,T (2733) Tromsoe 2013}) 8... d6 9. Rc1 $146 ({Predecessor:} 9. h3 Nbd7 10. Bh2 a6 11. b4 cxb4 12. cxb4 b5 13. Nb1 Nb6 14. Nc3 {½-½ (29) Muse,D (2378)-Kohler,T (2246) Berlin 2010}) 9... Nbd7 10. Qb3 Rc8 11. Rfd1 Qc7 12. Qc2 (12. Nb5 $11 Qb8 13. c4) 12... Qb8 13. Qb1 Qa8 14. Ne1 Rfd8 15. Bg5 h6 16. Bh4 g5 17. Bg3 Ne4 18. f3 Nxg3 19. hxg3 Nf6 20. Kf2 (20. e4 $15) 20... Rc7 (20... h5 $17) 21. Nc4 Rdc8 22. Nd2 a6 23. b4 cxd4 24. cxd4 Nd5 25. Rxc7 Rxc7 26. Rc1 Nc3 27. Qb2 Qc8 28. Bd3 e5 29. Nb3 b5 (29... g4 $17 30. Bf5 Qxf5 31. Rxc3 Re7 32. dxe5 Bxe5) 30. Bf5 Nd1+ 31. Rxd1 Qxf5 32. Rc1 Re7 33. g4 Qe6 34. Qd2 e4 35. Rc3 (35. d5 $17 Bxd5 36. Nd4 Bxd4 37. Qxd4) 35... f5 36. gxf5 Qxf5 37. Qc2 Qf7 38. Na5 Bd5 39. Nb3 (39. Rc8+ $142 Bf8 40. Nc6) 39... exf3 40. gxf3 g4 41. f4 Be4 42. Qe2 Qh5 43. Ng2 g3+ 44. Ke1 Qxe2+ (44... Qh2 $142 45. Kd1 Bxg2 46. Rc8+ Kf7) 45. Kxe2 Bxg2 46. Rc1 Bd5 47. Rg1 g2 48. Kd3 h5 49. Nd2 h4 50. e4 Bc4+ 51. Nxc4 bxc4+ 52. Kxc4 h3 53. e5 dxe5 54. fxe5 Bxe5 55. dxe5 Rxe5 56. Kd3 Rg5 0-1

[Event "2nd Hersonissos Open 2018"]
[Site "Hersonissos"]
[Date "2018.06.18"]
[Round "2"]
[White "Storkebaum, Ulrike"]
[Black "Djingarova, Emilia"]
[Result "0-1"]
[ECO "B41"]
[WhiteElo "1825"]
[BlackElo "2218"]
[Annotator "NA RC"]
[PlyCount "66"]
[EventDate "2018.06.16"]
[EventType "swiss"]
[EventCountry "GRE"]
[SourceTitle "playchess.com"]
[Source "ChessBase"]
[SourceQuality "1"]
[TimeControl "5400+30"]

1. e4 c5 2. Nf3 e6 3. d4 cxd4 4. Nxd4 a6 5. c4 Nf6 6. Nc3 d6 7. Be2 Be7 8. Be3 O-O 9. O-O Qc7 10. Rc1 Nbd7 {[%emt 0:01:58] LiveBook: 47 Games B41: Sicilian: Kan Variation: 5 c4} (10... b6 11. f3 Bb7 12. b4 Nbd7 13. Qb3 Rac8 14. Rfd1 Qb8 15. Bf1 Bd8 16. Kh1 Bc7 17. Bg1 Rfe8 18. Qb1 Ne5 {1-0 (47) Nepomniachtchi,I (2730)-Milov,V (2622) Dubai 2014}) 11. b3 Re8 12. f4 b6 13. Bf3 Bb7 14. f5 (14. g4 $16) 14... Bf8 (14... Bd8 $11) 15. fxe6 $146 ({Predecessor:} 15. Qc2 Ne5 16. Rcd1 Neg4 17. Qe2 Nxe3 18. Qxe3 e5 19. Nc2 d5 20. Qd3 d4 {0-1 (40) Thiruchelvam,M (2020)-Iotov,V Oropesa del Mar 1998}) 15... fxe6 16. Qe1 (16. Bg4 $5 Nc5 17. Rxf6 gxf6 18. b4 Nxe4 19. Bxe6+ Rxe6 20. Nxe6 Qxc4 21. Qg4+ Kh8 22. Bd4 $18 (22. Bxb6 Re8 $11)) 16... Ne5 17. Qg3 Rab8 (17... Nxf3+ $11 18. Qxf3 (18. gxf3 Rac8 $11) 18... Qd7) 18. Kh1 ({Better is} 18. Be2 $14 Nxe4 19. Nxe4 Bxe4 20. Rxf8+ Kxf8 21. Qf4+ Bf5 {[#]} 22. Nxe6+ $1 Rxe6 23. Qxf5+ Qf7 24. Qxh7) 18... Qf7 19. Rcd1 Qg6 20. Qxg6 Nxg6 ({Better is} 20... hxg6 $11 21. Be2 Nxe4 22. Nxe4 Bxe4) 21. Nde2 Ba8 22. Ng3 Ne5 23. h3 b5 24. cxb5 axb5 25. Nh5 Nfd7 26. Nf4 b4 27. Na4 Nf6 28. Rd4 $2 (28. Bb6 $17) 28... Nxf3 29. gxf3 e5 $1 30. Rc4 exf4 31. Bxf4 Nd7 $19 32. Bd2 Ne5 33. Rd4 Nxf3 0-1

[Event "2nd Hersonissos Open 2018"]
[Site "Hersonissos"]
[Date "2018.06.18"]
[Round "2"]
[White "Papidakis, Georgios"]
[Black "Umbetov, Kazybek"]
[Result "0-1"]
[ECO "A45"]
[WhiteElo "1710"]
[BlackElo "2001"]
[Annotator "NA RC"]
[PlyCount "78"]
[EventDate "2018.06.16"]
[EventType "swiss"]
[EventCountry "GRE"]
[SourceTitle "playchess.com"]
[Source "ChessBase"]
[SourceQuality "1"]
[TimeControl "5400+30"]

1. d4 Nf6 2. Bf4 d5 3. e3 c6 4. c4 Qb6 {[%emt 0:02:34] D10: Slav Defence: 3 cxd5 (without early Nf3) and 3 Nc3} (4... e6 5. Nc3 Bd6 6. Bxd6 Qxd6 7. Nf3 O-O 8. Qc2 Nbd7 9. Rd1 b6 10. Be2 Bb7 11. O-O Qe7 12. e4 dxe4 13. Nxe4 c5 14. Nc3 cxd4 15. Nxd4 {1-0 (46) Kramnik,V (2777)-Dubov,D (2661) Berlin 2015}) 5. Qb3 Bf5 6. Nc3 e6 7. c5 Qxb3 8. axb3 Nbd7 9. b4 {[%emt 0:01:55] LiveBook: 13 Games} Nh5 10. Bg3 (10. Bc7 $16) 10... Nxg3 11. hxg3 g5 $146 ({Predecessor:} 11... Be7) 12. Kd2 Bg7 13. Bd3 Bxd3 14. Kxd3 O-O 15. f4 gxf4 (15... a6 $11 {keeps the balance.}) 16. gxf4 a6 17. Nf3 Rae8 18. Rh3 f5 19. Rg1 Nf6 20. Ke2 Re7 21. Ne5 Ne4 22. Nxe4 fxe4 23. Ng4 b6 24. Kd2 bxc5 25. bxc5 Rb8 26. Kc2 Reb7 27. Rb1 a5 28. Rhh1 Rb3 29. Rhe1 a4 30. Nh2 $19 (30. Nf2 $17 {was necessary.}) 30... R8b4 31. Re2 Bf6 32. g3 Bd8 33. Ng4 Bc7 34. Nf6+ Kf7 35. Nxh7 Rc4+ 36. Kd1 Ba5 37. Rg2 Rxe3 38. Ng5+ Kg6 39. b3 Re1# 0-1

[Event "2nd Hersonissos Open 2018"]
[Site "Hersonissos"]
[Date "2018.06.18"]
[Round "2"]
[White "Ivanov, Svetlen"]
[Black "Aggelakis, Ilias"]
[Result "1-0"]
[ECO "A46"]
[WhiteElo "1591"]
[BlackElo "1683"]
[Annotator "NA RC"]
[PlyCount "83"]
[EventDate "2018.06.16"]
[EventType "swiss"]
[EventCountry "GRE"]
[SourceTitle "playchess.com"]
[Source "ChessBase"]
[SourceQuality "1"]
[TimeControl "5400+30"]

1. d4 Nf6 2. Nf3 d5 3. c4 e6 4. g3 Bb4+ 5. Bd2 Bxd2+ 6. Qxd2 O-O 7. Bg2 Ne4 8. Qc2 Nd7 9. Nbd2 Ndf6 10. Ne5 Nxd2 11. Qxd2 Qe7 12. O-O Rd8 13. cxd5 exd5 14. Rfc1 c6 15. b4 Ne4 16. Qb2 Nd6 17. e3 f6 18. Nd3 Nc4 19. Qb3 Bf5 20. a3 Bxd3 21. Qxd3 b5 22. Qc3 a5 23. Bf1 axb4 24. axb4 Re8 25. Rxa8 Rxa8 26. Ra1 Rxa1 27. Qxa1 Qb7 28. Bd3 Nd6 29. Qa5 Qd7 30. Qa8+ Qe8 31. Qxe8+ Nxe8 32. Bf5 Nc7 33. Bd7 Na6 34. Bxc6 Nxb4 35. Bxb5 Kf7 36. Kf1 Ke6 37. Ke2 Nc2 38. Kd2 Na3 39. Ba6 Kf5 40. f3 g5 41. Bd3+ Ke6 42. Kc3 1-0

[Event "2nd Hersonissos Open 2018"]
[Site "Hersonissos"]
[Date "2018.06.18"]
[Round "3"]
[White "Hommeles, Theo"]
[Black "Angermuende, Dirk"]
[Result "1-0"]
[ECO "C11"]
[WhiteElo "2361"]
[BlackElo "1966"]
[Annotator "NA"]
[PlyCount "68"]
[EventDate "2018.06.16"]
[EventType "swiss"]
[EventCountry "GRE"]
[SourceTitle "playchess.com"]
[Source "ChessBase"]
[SourceQuality "1"]
[TimeControl "5400+30"]

1. e4 e6 2. d4 d5 3. Nc3 Nf6 4. e5 Nfd7 5. f4 c5 6. Nf3 Nc6 7. Be3 a6 8. Qd2 b5 9. dxc5 Bxc5 10. Bxc5 Nxc5 11. Qf2 Qb6 12. Bd3 b4 13. Ne2 a5 14. O-O Na4 15. Qxb6 Nxb6 16. Nfd4 Nxd4 17. Nxd4 O-O 18. a3 Bd7 19. b3 f6 20. Rfe1 bxa3 21. Rxa3 a4 22. f5 fxe5 23. fxe6 exd4 24. exd7 Nxd7 25. bxa4 Nb6 26. Bb5 Nc4 27. Rd3 Ne3 28. Rc1 Rac8 29. Rxd4 Rc5 30. c3 Rfc8 31. Rd3 Nf5 32. Bd7 Rf8 33. Be6+ Kh8 34. Rf1 Rf6 1-0

[Event "2nd Hersonissos Open 2018"]
[Site "Hersonissos"]
[Date "2018.06.18"]
[Round "3"]
[White "Risting, Eivind Olav"]
[Black "Stefanov, Evtim"]
[Result "1-0"]
[ECO "A06"]
[WhiteElo "2301"]
[BlackElo "1959"]
[Annotator "NA"]
[PlyCount "59"]
[EventDate "2018.06.16"]
[EventType "swiss"]
[EventCountry "GRE"]
[SourceTitle "playchess.com"]
[Source "ChessBase"]
[SourceQuality "1"]
[TimeControl "5400+30"]

1. Nf3 d5 2. g3 Nf6 3. Bg2 Bg4 4. O-O e6 5. c4 c6 6. cxd5 Bxf3 7. Bxf3 cxd5 8. d3 Nc6 9. Nc3 Be7 10. Bf4 O-O 11. Rc1 Rc8 12. Bg2 Qd7 13. a3 Nd4 14. Re1 Nb5 15. Bd2 Rfd8 16. Qb3 Nd4 17. Qa2 a6 18. Be3 Nb5 19. Bb6 Re8 20. a4 Rc6 21. Be3 Nd6 22. Bf4 Rec8 23. e4 dxe4 24. dxe4 Nc4 25. Red1 Qe8 26. e5 Nd5 27. Nxd5 exd5 28. Bxd5 Rc5 29. Rxc4 Rxc4 30. Bxc4 1-0

[Event "2nd Hersonissos Open 2018"]
[Site "Hersonissos"]
[Date "2018.06.18"]
[Round "3"]
[White "Serpetsidakis, Nikolaos"]
[Black "Bras, Emanouel"]
[Result "1-0"]
[ECO "D11"]
[WhiteElo "2126"]
[BlackElo "1859"]
[Annotator "NA"]
[PlyCount "60"]
[EventDate "2018.06.16"]
[EventType "swiss"]
[EventCountry "GRE"]
[SourceTitle "playchess.com"]
[Source "ChessBase"]
[SourceQuality "1"]
[TimeControl "5400+30"]

1. d4 d5 2. c4 c6 3. Nf3 Nf6 4. e3 Bg4 5. Nc3 e6 6. h3 Bh5 7. g4 Bg6 8. Ne5 Nbd7 9. Nxg6 hxg6 10. Bd2 Be7 11. cxd5 Nxd5 12. e4 N5b6 13. Bf4 Bg5 14. Qd2 Bxf4 15. Qxf4 Qe7 16. Qe3 Qb4 17. O-O-O Na4 18. Rd2 Nxc3 19. bxc3 Qa5 20. Rb2 O-O 21. Kb1 b5 22. h4 Rfb8 23. h5 b4 24. c4 g5 25. e5 Qd8 26. Qe4 Nf8 27. Bg2 a5 28. Rd1 Ra6 29. Bf1 a4 30. c5 Raa8 1-0

[Event "2nd Hersonissos Open 2018"]
[Site "Hersonissos"]
[Date "2018.06.18"]
[Round "3"]
[White "Loshkarev, Dmitri"]
[Black "Haug, Johannes"]
[Result "1/2-1/2"]
[ECO "C26"]
[WhiteElo "2089"]
[BlackElo "2401"]
[Annotator "NA"]
[PlyCount "70"]
[EventDate "2018.06.16"]
[EventType "swiss"]
[EventCountry "GRE"]
[SourceTitle "playchess.com"]
[Source "ChessBase"]
[SourceQuality "1"]
[TimeControl "5400+30"]

1. e4 e5 2. Nc3 Nf6 3. Bc4 Bc5 4. d3 d6 5. Na4 Bb4+ 6. c3 Ba5 7. b4 Bb6 8. Nxb6 axb6 9. Bb3 Be6 10. Nf3 Bxb3 11. Qxb3 O-O 12. O-O h6 13. h3 Nc6 14. Re1 Ne7 15. Be3 Ng6 16. a4 d5 17. exd5 Nxd5 18. c4 Nf6 19. d4 e4 20. Ne5 Nh4 21. a5 bxa5 22. Rxa5 Ng6 23. Nxg6 fxg6 24. Rxa8 Qxa8 25. d5 Qc8 26. Bd4 Qf5 27. Qe3 b5 28. Bxf6 Rxf6 29. cxb5 Qxd5 30. Qxe4 Qxb5 31. Qe8+ Qxe8 32. Rxe8+ Kf7 33. Rc8 Rc6 34. b5 Rc5 35. Rb8 g5 1/2-1/2

[Event "2nd Hersonissos Open 2018"]
[Site "Hersonissos"]
[Date "2018.06.18"]
[Round "3"]
[White "Umbetov, Kazybek"]
[Black "L'ami, Alina"]
[Result "1/2-1/2"]
[ECO "E97"]
[WhiteElo "2001"]
[BlackElo "2307"]
[Annotator "NA"]
[PlyCount "86"]
[EventDate "2018.06.16"]
[EventType "swiss"]
[EventCountry "GRE"]
[SourceTitle "playchess.com"]
[Source "ChessBase"]
[SourceQuality "1"]
[TimeControl "5400+30"]

1. d4 Nf6 2. c4 g6 3. Nc3 Bg7 4. e4 d6 5. Nf3 O-O 6. Be2 e5 7. O-O Nc6 8. d5 Ne7 9. b4 Nh5 10. Re1 f5 11. Ng5 Nf6 12. f3 Kh8 13. c5 h6 14. Ne6 Bxe6 15. dxe6 d5 16. exd5 Nfxd5 17. Nxd5 Qxd5 18. Qb3 Qxb3 19. axb3 Nc6 20. Bb5 Rfe8 21. Bxc6 bxc6 22. Ra6 Rxe6 23. Bb2 Rb8 24. Bc3 e4 25. Bxg7+ Kxg7 26. Rxa7 Rxb4 27. Rxc7+ Kf6 28. fxe4 fxe4 29. Re3 Rb5 30. Rc3 Ra5 31. Rd7 e3 32. Rd1 Kf5 33. Re1 Kf4 34. b4 Rb5 35. Rb3 Re4 36. Reb1 Rb8 37. Kf1 Rc4 38. R1b2 Re8 39. Ke2 Ree4 40. b5 cxb5 41. Rxb5 Re5 42. R2b4 Rexc5 43. Kd3 Rxb4 {[%emt 0:00:00] Ke4+ Ke5+} 1/2-1/2

[Event "2nd Hersonissos Open 2018"]
[Site "Hersonissos"]
[Date "2018.06.18"]
[Round "3"]
[White "Kadianis, Georgios"]
[Black "Kotsinis, Alexandros"]
[Result "1-0"]
[ECO "A06"]
[WhiteElo "1917"]
[BlackElo "1655"]
[Annotator "NA"]
[PlyCount "65"]
[EventDate "2018.06.16"]
[EventType "swiss"]
[EventCountry "GRE"]
[SourceTitle "playchess.com"]
[Source "ChessBase"]
[SourceQuality "1"]
[TimeControl "5400+30"]

1. Nf3 d5 2. g3 Nf6 3. Bg2 c6 4. O-O Bf5 5. d4 h6 6. c4 e6 7. Nbd2 Bd6 8. b3 Nbd7 9. Bb2 Qb8 10. Rc1 O-O 11. Ne1 a5 12. a4 b5 13. axb5 cxb5 14. c5 Bc7 15. f3 e5 16. c6 Nb6 17. e4 Bg6 18. Qe2 b4 19. f4 exd4 20. e5 Re8 21. Qb5 Ne4 22. Nxe4 Bxe4 23. Bxd4 Nc8 24. Qxb8 Rxb8 25. Bxe4 dxe4 26. Ng2 Rd8 27. Bc5 Rd3 28. Rfd1 Rxb3 29. Rd7 Rc3 30. Rxc3 bxc3 31. Rxc7 c2 32. Ba3 Nd6 33. exd6 1-0

[Event "2nd Hersonissos Open 2018"]
[Site "Hersonissos"]
[Date "2018.06.18"]
[Round "3"]
[White "Pliev, Vladimir"]
[Black "Kozyris, Ilias"]
[Result "1/2-1/2"]
[ECO "C77"]
[WhiteElo "1909"]
[BlackElo "1570"]
[Annotator "NA"]
[PlyCount "92"]
[EventDate "2018.06.16"]
[EventType "swiss"]
[EventCountry "GRE"]
[SourceTitle "playchess.com"]
[Source "ChessBase"]
[SourceQuality "1"]
[TimeControl "5400+30"]

1. e4 e5 2. Nf3 Nc6 3. Bb5 a6 4. Ba4 Nf6 5. d3 b5 6. Bb3 Bc5 7. c3 d6 8. Nbd2 O-O 9. h3 Re8 10. O-O Bb7 11. a4 b4 12. Nc4 bxc3 13. bxc3 Ba7 14. Ne3 Ne7 15. Bxf7+ Kxf7 16. Qb3+ Bd5 17. Ng5+ Kg8 18. Nxd5 Nexd5 19. exd5 Rb8 20. Qc4 Qc8 21. Ne4 Nxe4 22. dxe4 Rf8 23. Qe2 Rb3 24. Be3 Qb7 25. Bxa7 Qxa7 26. Qc2 Rfb8 27. Rab1 Rxb1 28. Rxb1 Rxb1+ 29. Qxb1 Qc5 30. Qb4 Qa7 31. g3 Kf7 32. Kg2 g5 33. a5 h6 34. Qc4 Qb7 35. Qe2 Qc8 36. Qg4 Qd8 37. h4 gxh4 38. Qxh4 Qxh4 39. gxh4 Kg6 40. Kg3 h5 41. f4 Kf6 42. Kf3 Ke7 43. fxe5 dxe5 44. Ke3 Kd6 45. Kd3 c6 46. c4 c5 1/2-1/2

[Event "2nd Hersonissos Open 2018"]
[Site "Hersonissos"]
[Date "2018.06.18"]
[Round "3"]
[White "Brokalakis - Gounaris, Christos"]
[Black "Dagkonaki, Aspasia"]
[Result "1-0"]
[ECO "D36"]
[WhiteElo "1851"]
[BlackElo "1538"]
[Annotator "NA"]
[PlyCount "65"]
[EventDate "2018.06.16"]
[EventType "swiss"]
[EventCountry "GRE"]
[SourceTitle "playchess.com"]
[Source "ChessBase"]
[SourceQuality "1"]
[TimeControl "5400+30"]

1. d4 d5 2. c4 e6 3. Nc3 Nf6 4. cxd5 exd5 5. Bg5 c6 6. Qc2 Be7 7. e3 Nh5 8. Bxe7 Qxe7 9. Nxd5 Qd8 10. Nc3 O-O 11. Nf3 Nf6 12. Bc4 Bg4 13. Ne5 Qc7 14. h3 Be6 15. Bxe6 fxe6 16. Qb3 Re8 17. O-O Nbd7 18. Nd3 Nd5 19. Rac1 Rac8 20. e4 Nxc3 21. Rxc3 Qb6 22. Qc4 Nf6 23. Rb3 Qc7 24. Re1 Rcd8 25. e5 Nd5 26. Nc5 Qa5 27. Ra1 b5 28. Qe2 Qc7 29. Rc1 Nf4 30. Qe3 Rxd4 31. g3 Nxh3+ 32. Kg2 Nxf2 33. Qxd4 1-0

[Event "2nd Hersonissos Open 2018"]
[Site "Hersonissos"]
[Date "2018.06.18"]
[Round "3"]
[White "Iminov, Bachtiar"]
[Black "Magoulianos, Nikolaos"]
[Result "0-1"]
[ECO "D04"]
[WhiteElo "1842"]
[BlackElo "1434"]
[Annotator "NA"]
[PlyCount "74"]
[EventDate "2018.06.16"]
[EventType "swiss"]
[EventCountry "GRE"]
[SourceTitle "playchess.com"]
[Source "ChessBase"]
[SourceQuality "1"]
[TimeControl "5400+30"]

1. d4 d5 2. Nf3 Nf6 3. e3 c5 4. b3 Nc6 5. Bb2 Bg4 6. Be2 e6 7. Nbd2 Qc7 8. Ne5 Bxe2 9. Qxe2 cxd4 10. exd4 Nxe5 11. dxe5 Qxc2 12. exf6 Qxb2 13. O-O a6 14. fxg7 Bxg7 15. Rac1 Bc3 16. Qd3 Qxd2 17. Qxc3 Qxc3 18. Rxc3 Kd7 19. f4 Rac8 20. Rg3 Rc2 21. a4 Ke7 22. f5 e5 23. Re3 f6 24. Rd1 Rg8 25. g3 Rd8 26. g4 Kd6 27. Rh3 Rg8 28. Rh4 h5 29. h3 hxg4 30. hxg4 d4 31. Rh6 Rxg4+ 32. Kh1 Kd5 33. Rxf6 Rc7 34. Rh6 Rf7 35. Rf1 e4 36. Rh8 Kc5 37. Rc8+ Kb4 0-1

[Event "2nd Hersonissos Open 2018"]
[Site "Hersonissos"]
[Date "2018.06.18"]
[Round "3"]
[White "Kouvidis, Ioannis"]
[Black "Sielicki, Tomasz"]
[Result "1-0"]
[ECO "C40"]
[WhiteElo "1730"]
[BlackElo "1963"]
[Annotator "NA"]
[PlyCount "91"]
[EventDate "2018.06.16"]
[EventType "swiss"]
[EventCountry "GRE"]
[SourceTitle "playchess.com"]
[Source "ChessBase"]
[SourceQuality "1"]
[TimeControl "5400+30"]

1. e4 e5 2. Nf3 d5 3. exd5 Bd6 4. Bb5+ Nd7 5. O-O Ngf6 6. d4 e4 7. Ne5 O-O 8. Bxd7 Nxd7 9. Nc4 Nf6 10. Bg5 h6 11. Bxf6 Qxf6 12. Nxd6 Qxd6 13. Nc3 Bf5 14. a3 Rfe8 15. Re1 a6 16. Qh5 Bg6 17. Qh4 Qb6 18. b3 Qxd4 19. Qg3 Qe5 20. Re3 Qxg3 21. hxg3 Rad8 22. Rd1 f5 23. Na4 b6 24. c4 Bf7 25. Nc3 Rd6 26. f3 exf3 27. Rxe8+ Bxe8 28. gxf3 c6 29. Kf2 cxd5 30. Rxd5 Rd7 31. Rxd7 Bxd7 32. Nd5 b5 33. c5 Kf7 34. Ke3 Bc8 35. c6 Ke8 36. Kd4 Kd8 37. Ke5 h5 38. Kd6 g5 39. Nf6 Be6 40. Kxe6 h4 41. Nd5 h3 42. Kd6 h2 43. c7+ Kc8 44. Ne7+ Kb7 45. c8=Q+ Kb6 46. Qd8+ 1-0

[Event "2nd Hersonissos Open 2018"]
[Site "Hersonissos"]
[Date "2018.06.18"]
[Round "3"]
[White "Ivanov, Svetlen"]
[Black "Ranaldi, Lucas"]
[Result "0-1"]
[ECO "A46"]
[WhiteElo "1591"]
[BlackElo "2283"]
[Annotator "NA"]
[PlyCount "76"]
[EventDate "2018.06.16"]
[EventType "swiss"]
[EventCountry "GRE"]
[SourceTitle "playchess.com"]
[Source "ChessBase"]
[SourceQuality "1"]
[TimeControl "5400+30"]

1. d4 Nf6 2. Nf3 e6 3. Bf4 b6 4. e3 Bb7 5. Bd3 c5 6. c3 Be7 7. h3 O-O 8. O-O d6 9. a3 Nbd7 10. Nbd2 Rc8 11. Qe2 Qc7 12. Bh2 Qb8 13. a4 Bc6 14. Bb5 Rfe8 15. Rfb1 Bf8 16. a5 cxd4 17. Nxd4 Bxb5 18. Qxb5 e5 19. Nc6 Qa8 20. Nb4 Rc5 21. Qa6 b5 22. Nb3 Nb8 23. Nxc5 Nxa6 24. Ncxa6 Qb7 25. Rc1 d5 26. e4 Nxe4 27. Nxd5 Qxd5 28. Nc7 Qc6 29. Nxe8 Qxe8 30. Re1 f5 31. b4 Bd6 32. Rad1 Qc6 33. Rd3 f4 34. Red1 Be7 35. Re1 Nxc3 36. Rxe5 Ne2+ 37. Kf1 Qc1+ 38. Kxe2 Qb2+ 0-1

[Event "2nd Hersonissos Open 2018"]
[Site "Hersonissos"]
[Date "2018.06.18"]
[Round "3"]
[White "Koutsourakis, Ioannis"]
[Black "Haverkamp, Klaus"]
[Result "0-1"]
[ECO "D31"]
[WhiteElo "1560"]
[BlackElo "1921"]
[Annotator "NA"]
[PlyCount "68"]
[EventDate "2018.06.16"]
[EventType "swiss"]
[EventCountry "GRE"]
[SourceTitle "playchess.com"]
[Source "ChessBase"]
[SourceQuality "1"]
[TimeControl "5400+30"]

1. d4 d5 2. c4 e6 3. Nc3 dxc4 4. e3 a6 5. Bxc4 b5 6. Bd3 Bb7 7. Nf3 Nf6 8. O-O c5 9. dxc5 Bxc5 10. Qe2 Nc6 11. b3 Nb4 12. Bxb5+ Kf8 13. Bc4 Qc7 14. Bb2 Ng4 15. e4 Nc6 16. Na4 Bd4 17. g3 Bxb2 18. Nxb2 h5 19. Rac1 h4 20. Bxe6 Nge5 21. Qe3 Qd6 22. Bd5 Nxf3+ 23. Qxf3 Ne5 24. Qf4 g5 25. Nc4 Qxd5 26. Qxe5 Qxe5 27. Nxe5 Bxe4 28. Rc7 Re8 29. Nd7+ Kg7 30. Nc5 Bf3 31. Ra7 Re2 32. g4 Rhe8 33. h3 Rxa2 34. Rb7 Bxb7 0-1

[Event "2nd Hersonissos Open 2018"]
[Site "Hersonissos"]
[Date "2018.06.18"]
[Round "3"]
[White "Mateev, Kaloyan Mateev"]
[Black "Maris, Ioannis"]
[Result "0-1"]
[ECO "A05"]
[WhiteElo "1539"]
[BlackElo "1915"]
[Annotator "NA"]
[PlyCount "82"]
[EventDate "2018.06.16"]
[EventType "swiss"]
[EventCountry "GRE"]
[SourceTitle "playchess.com"]
[Source "ChessBase"]
[SourceQuality "1"]
[TimeControl "5400+30"]

1. Nf3 Nf6 2. b3 c5 3. Bb2 e6 4. e3 Nc6 5. Bb5 Be7 6. O-O O-O 7. d4 cxd4 8. exd4 Qb6 9. Bd3 d6 10. Nbd2 Bd7 11. a3 a5 12. Re1 d5 13. Ne5 Be8 14. Ndf3 h6 15. h3 Nd7 16. Qe2 Ncxe5 17. Nxe5 Nxe5 18. dxe5 Bc5 19. g4 Rc8 20. Rac1 Qd8 21. Kh2 Qe7 22. Ra1 b5 23. Rg1 Qa7 24. Rg2 Bd4 25. Bxd4 Qxd4 26. Rag1 g6 27. Qe3 Qxe3 28. fxe3 Rc3 29. h4 a4 30. Rb1 Bc6 31. Rf2 Rc8 32. h5 g5 33. Rff1 axb3 34. Rxb3 Rxb3 35. cxb3 Bd7 36. Rf3 Rc3 37. e4 d4 38. Be2 Rc2 39. Rd3 Rxe2+ 40. Kg3 Rxe4 41. Kf3 Bc6 0-1

[Event "2nd Hersonissos Open 2018"]
[Site "Hersonissos"]
[Date "2018.06.18"]
[Round "3"]
[White "Koutsouraki, Ariadni"]
[Black "Lichii, Elizaveta"]
[Result "0-1"]
[ECO "B43"]
[WhiteElo "1373"]
[BlackElo "1888"]
[Annotator "NA"]
[PlyCount "94"]
[EventDate "2018.06.16"]
[EventType "swiss"]
[EventCountry "GRE"]
[SourceTitle "playchess.com"]
[Source "ChessBase"]
[SourceQuality "1"]
[TimeControl "5400+30"]

1. e4 c5 2. Nf3 e6 3. d4 cxd4 4. Nxd4 a6 5. Nc3 Qc7 6. Bd3 Nf6 7. a3 Be7 8. O-O Nc6 9. Be3 Ne5 10. Be2 b5 11. f4 Nc4 12. Bxc4 Qxc4 13. e5 Nd5 14. Nxd5 Qxd5 15. Qe2 Bb7 16. Nf3 Qe4 17. Qf2 Rc8 18. c3 O-O 19. Rad1 Bd5 20. Rfe1 Qg6 21. Rd2 d6 22. Bd4 Qf5 23. Qg3 Qg6 24. Qf2 Qg4 25. exd6 Bxd6 26. Ne5 Qf5 27. g4 Qf6 28. Nd7 Qxf4 29. Nxf8 Qxg4+ 30. Kf1 Bc4+ 31. Ree2 Bxe2+ 32. Rxe2 Rxf8 33. Qe3 Qf4+ 34. Qxf4 Bxf4 35. Kg2 Rd8 36. Kf3 Bc7 37. Rg2 e5 38. Bc5 f5 39. Re2 e4+ 40. Kg2 Be5 41. h4 g6 42. Be7 Rd3 43. Bg5 Kf7 44. Kf1 Bf6 45. Bxf6 Kxf6 46. Kg2 Ke5 47. Kh2 f4 0-1

[Event "2nd Hersonissos Open 2018"]
[Site "Hersonissos"]
[Date "2018.06.18"]
[Round "3"]
[White "Kealar, Konstantinos"]
[Black "Warnk, Torsten"]
[Result "0-1"]
[ECO "D60"]
[WhiteElo "1323"]
[BlackElo "1853"]
[Annotator "NA"]
[PlyCount "90"]
[EventDate "2018.06.16"]
[EventType "swiss"]
[EventCountry "GRE"]
[SourceTitle "playchess.com"]
[Source "ChessBase"]
[SourceQuality "1"]
[TimeControl "5400+30"]

1. d4 d5 2. c4 e6 3. Nf3 Nf6 4. Bf4 Bd6 5. Bg5 Be7 6. Nc3 Nbd7 7. e3 O-O 8. Bd3 b6 9. Qc2 dxc4 10. Bxc4 Bb7 11. Bd3 h6 12. h4 c5 13. O-O-O cxd4 14. Nxd4 Nd5 15. Bxe7 Qxe7 16. Kb1 Nb4 17. Qe2 Nc5 18. Bc4 Ne4 19. Rc1 Rfd8 20. Nxe4 Bxe4+ 21. Ka1 Nc6 22. Nxc6 Bxc6 23. f3 Bd5 24. Ba6 Qb4 25. Rc3 Rab8 26. Rd1 Qxh4 27. a3 Qa4 28. Rd4 Qe8 29. Rc7 Bb3 30. Rb4 Rd1+ 31. Qxd1 Bxd1 32. Rd4 Ba4 33. Ka2 Bb5 34. Rxa7 Bxa6 35. Rxa6 Qc6 36. e4 Ra8 37. Rxa8+ Qxa8 38. Rb4 Qc6 39. a4 Kh7 40. Ka3 Qc5 41. Kb3 Qe3+ 42. Ka2 Kg6 43. Rb5 f6 44. a5 bxa5 45. Rxa5 Qd2 0-1

[Event "2nd Hersonissos Open 2018"]
[Site "Hersonissos"]
[Date "2018.06.19"]
[Round "4"]
[White "Haug, Johannes"]
[Black "Serpetsidakis, Nikolaos"]
[Result "1-0"]
[ECO "A05"]
[WhiteElo "2401"]
[BlackElo "2126"]
[Annotator "NA"]
[PlyCount "91"]
[EventDate "2018.06.16"]
[EventType "swiss"]
[EventCountry "GRE"]
[SourceTitle "playchess.com"]
[Source "ChessBase"]
[SourceQuality "1"]
[TimeControl "5400+30"]

1. Nf3 Nf6 2. g3 d5 3. Bg2 Bf5 4. O-O e6 5. c4 c6 6. d3 dxc4 7. dxc4 Qxd1 8. Rxd1 Nbd7 9. Nc3 e5 10. b3 Bb4 11. Bb2 O-O 12. e4 Bxc3 13. Bxc3 Nxe4 14. Bb2 Bg4 15. Re1 Bxf3 16. Bxf3 Ng5 17. Bg2 $11 f6 18. f4 Nf7 19. Rad1 Rfd8 20. Bh3 Nf8 21. Rxd8 Rxd8 22. fxe5 fxe5 23. Bxe5 Nxe5 24. Rxe5 Rd1+ 25. Kf2 Rd2+ 26. Kf3 Rxa2 27. Re8 g6 28. Rb8 b6 29. Bd7 c5 30. Be6+ Kg7 31. Bd5 Rd2 32. Rb7+ Kh8 33. Rf7 Kg8 34. Rxa7+ Kh8 35. Ke3 Rd4 36. Rf7 Kg8 37. Rb7+ Kh8 38. Rxb6 Nd7 39. Re6 Nf8 40. Re8 Kg7 41. Re7+ Kh8 42. Rf7 Kg8 43. Rf4+ Kg7 44. Rxd4 cxd4+ 45. Kxd4 Kf6 46. b4 {[%emt 0:00:00] Ke5+} 1-0